AoeStats
← Cuervo

Nomad

506033070Analyzed
4v4 RM · 20d ago on Sep 12, 2026· 30m 0s· 8 players
Game mode
Random Map
Map size
231×231
Population
200
Speed
Normal
Resources
Standard
Victory
Conquest
Starting age
Dark Age
Ending age
Imperial Age
RankedLock teamsTeams togetherTeam positionsShared explorationLock speedFull tech treeHidden civsTurbo modeCheats
Victory
Defeat
🇨🇱 Shu · Chile
1098
+9
🇦🇷 Koreans · Argentina
1025
+12
🇦🇷 Malay · Argentina
1010
+13
🇦🇷 Vietnamese · Argentina
964
+14
🇯🇵 Mongols · Japan
960
-13
🇦🇷 Italians · Argentina
955
-13
🇦🇷 Vikings · Argentina
914
-11
🇦🇺 Franks · Australia
913
-11
missahmiccy
5:00 Loom
16:51 Feudal Age
18:47 Double-Bit Axe
21:41 Wheelbarrow
26:37 Castle Age
25:28 Fletching
28:13 Bow Saw
27:35 Light Cavalry
Magic3arth
16:22 Feudal Age
21:36 Double-Bit Axe
24:28 Castle Age
26:14 Pikeman
26:55 Squires
27:59 Husbandry
Predatory Shadow
3:52 Loom
19:01 Feudal Age
19:47 Double-Bit Axe
20:20 Fishing Lines
21:11 Gold Mining
22:50 Fletching
26:56 Castle Age
25:01 Padded Archer Armor
PACKITUP
4:38 Loom
14:49 Feudal Age
15:21 Double-Bit Axe
16:49 Stone Mining
23:25 Fletching
25:14 Forging
26:11 Scale Barding Armor
VZ | Thyrfing
16:35 Feudal Age
18:26 Loom
21:40 Castle Age
21:22 Padded Archer Armor
22:30 Wheelbarrow
22:52 Fletching
23:19 Leather Archer Armor
23:47 Medium Warships
25:04 Bodkin Arrow
25:05 Double-Bit Axe
26:34 Fishing Lines
29:01 Crossbowman
29:47 Thumb Ring
30:07 Hand Cart
Cuervo
7:44 Loom
15:31 Feudal Age
20:31 Castle Age
20:22 Fletching
21:23 Double-Bit Axe
23:52 Crossbowman
28:04 Thumb Ring
29:56 Wheelbarrow
CasquetE
11:12 Loom
13:13 Feudal Age
14:23 Double-Bit Axe
23:43 Fletching
27:51 Castle Age
26:38 Padded Archer Armor
26:44 Scale Mail Armor
26:52 Horse Collar
27:59 Crossbowman
29:34 Thumb Ring
29:47 Leather Archer Armor
29:32 Pikeman
Gitu
5:24 Loom
14:48 Feudal Age
14:58 Horse Collar
15:11 Gold Mining
18:46 Double-Bit Axe
21:49 Castle Age
22:44 Bow Saw
25:20 Scale Barding Armor
25:28 Forging
30:00 Stone Mining
30:45 Gold Shaft Mining
Connection lost

Rejoining the realm…

Still unreachable

The connection could not be restored.

Session expired

The server has moved on; the page needs a fresh start.